 Dungeon Crawl Stone Soup version 0.29-a0-321-gf1c400731a (webtiles) character file.

Game seed: 2583725842507828222

324 witty6 the Chopper (level 6, -1/56 HPs)
             Began as a Minotaur Berserker on Apr 4, 2022.
             Was a Believer of Trog.
             Slain by a gnoll
             ... wielding a +0 spear
              (3 damage)
             ... on level 6 of the Dungeon.
             The game lasted 00:09:40 (2019 turns).

witty6 the Chopper (Minotaur Berserker)             Turns: 2019, Time: 00:09:42

Health: -1/56      AC:  9    Str: 24    XL:     6   Next: 23%
Magic:  5/5        EV:  9    Int:  4    God:    Trog [**....]
Gold:   77         SH:  0    Dex:  9    Spells: 5/5 levels left

rFire   . . .      SeeInvis .   o - +0 war axe
rCold   . . .      Faith    .   (no shield)
rNeg    . . .      Spirit   .   n - +0 chain mail
rPois   .          Reflect  .   (helmet restricted)
rElec   .          Harm     .   (no cloak)
rCorr   .          Rampage  .   (no gloves)
Will    ++...                   (no boots)
Stlth   ..........              (no amulet)
HPRegen 1.18/turn               (no ring)
MPRegen 0.09/turn               (no ring)

@: strong-willed, on berserk cooldown, regenerating, slowed, very slow
A: horns 2, retaliatory headbutt
a: Renounce Religion, Berserk, Trog's Hand


You were on level 6 of the Dungeon.
You worshipped Trog.
Trog was pleased with you.
You visited 1 branch of the dungeon, and saw 4 of its levels.

You collected 77 gold pieces.

Inventory:

Hand Weapons
 a - a +0 hand axe
 m - a +0 halberd
 o - a +0 war axe (weapon)
Missiles
 f - 2 poisoned darts (quivered)
 h - 5 javelins
Armour
 b - a +0 animal skin
 n - a +0 chain mail (worn)
Scrolls
 c - a scroll of silence {unknown}
 d - a scroll of teleportation {unknown}
 i - a scroll of fear {unknown}
 j - a scroll of enchant weapon {unknown}
 l - a scroll of vulnerability {unknown}
 p - a scroll of fog {unknown}
Potions
 e - a potion of might {unknown}
 g - a potion of brilliance {unknown}
 k - 2 potions of attraction {unknown}


   Skills:
 * Level 5.6 Fighting
 * Level 6.6 Axes
 + Level 0.6(4.1) Polearms
 + Level 2.8 Armour
 + Level 3.1 Dodging


You had 5 spell levels left.
You didn't know any spells.
Your spell library was empty.

Dungeon Overview and Level Annotations

Branches:
Dungeon (3/15)

Altars:


Innate Abilities, Weirdness & Mutations

You have a pair of horns on your head.
You reflexively headbutt those who attack you in melee.


Message History

The gnoll shaman hits you with a +0 club.
An iguana comes into view.
A gnoll comes into view. It is wielding a +0 club.
The gnoll shaman hits you but does no damage.
You are too injured to fight recklessly!
You are too injured to fight recklessly!
You are too injured to fight recklessly!
You are too injured to fight recklessly!
The iguana hisses angrily.
The gnoll shouts!
The gnoll shaman hits you but does no damage.
The gnoll shaman calls upon its god to speed up the gnoll.
The gnoll seems to speed up.
The iguana hisses menacingly.
The gnoll shaman attacks as you move away!
The gnoll shaman hits you with a +0 club.
The gnoll hits you from afar with a +0 spear.
The gnoll hits you from afar with a +0 spear.
The gnoll shaman barely misses you. The iguana bites you!
* * * LOW HITPOINT WARNING * * *
You are too injured to fight recklessly!
Your skin crawls.
You feel strong-willed. The gnoll hits you but does no damage.
The gnoll hits you from afar with a +0 spear.
* * * LOW HITPOINT WARNING * * *
The gnoll barely misses you. The iguana bites you.
* * * LOW HITPOINT WARNING * * *
You barely miss the gnoll shaman. Your headbutt misses the gnoll shaman.
You hit the iguana.
The gnoll hits you from afar with a +0 spear.
* * * LOW HITPOINT WARNING * * *
The gnoll barely misses you.
The gnoll shaman calls upon its god to speed up the gnoll.
The gnoll seems to speed up.
The iguana bites you.
* * * LOW HITPOINT WARNING * * *
The gnoll barely misses you.
The gnoll shaman hits you with a +0 club.
* * * LOW HITPOINT WARNING * * *
The gnoll hits you from afar with a +0 spear.
You die...

## .# ##
############.#+## .#
#................
.####
#................
....#
##................
....+ #.....lg......#
....# #....@.gg.....#
....##+###
#...)g.g.##...#
.........# #...)....#
...#
##.......###).......#
##.#
..>........†..)....##
.#
...................#
#
...................#
.........#....######
##.#+#..........


You could see a gnoll shaman, an iguana and 4 gnolls.

Vanquished Creatures
  An ogre (D:6)
  3 wights (D:6)
  3 gnolls (D:2)
  2 adders
  A worm (D:2)
  2 dart slugs
  2 endoplasms (D:2)
  3 giant cockroaches
  3 goblins (D:2)
  3 hobgoblins
  5 jackals
  A kobold (D:1)
  A quokka (D:1)
  5 ball pythons
  A bat (D:2)
  2 frilled lizards
  5 rats
43 creatures vanquished.

Notes
Turn   | Place    | Note
-------+----------+-------------------------------------------
     0 | D:1      | witty6 the Minotaur Berserker began the quest for the Orb.
     0 | D:1      | Reached XP level 1. HP: 19/19 MP: 0/0
    19 | D:1      | Found a faded altar of an unknown god.
   290 | D:1      | Reached XP level 2. HP: 15/27 MP: 1/1
   292 | D:1      | Reached skill level 4 in Axes
  1068 | D:2      | Reached XP level 3. HP: 33/33 MP: 2/2
  1496 | D:2      | Reached ** piety under Trog
  1597 | D:2      | Reached XP level 4. HP: 41/41 MP: 3/3
  1962 | D:3      | You fall into a shaft and drop 3 floors!
  1978 | D:6      | Noticed an ogre
  1987 | D:6      | Killed an ogre
  1988 | D:6      | Reached skill level 5 in Fighting
  1988 | D:6      | Reached skill level 5 in Axes
  1988 | D:6      | Reached XP level 5. HP: 47/48 MP: 4/4
  1994 | D:6      | Reached skill level 6 in Axes
  1994 | D:6      | Reached XP level 6. HP: 49/56 MP: 5/5
  2019 | D:6      | HP: 2/56 [gnoll shaman/+0 club (2)]
  2019 | D:6      | Slain by a gnoll

Illustrated notes

Levels and vault maps discovered:
D:1:      dpeg_arrival_rooms_a, layout_loops_cross, serial_aquarium,
          aquarium_bridge_square [aquarium_subvault_bridge,
          aquarium_subvault_bridge, aquarium_subvault_wall,
          aquarium_subvault_balcony], aquarium_window_1, aquarium_window_fake,
          aquarium_view_2e, aquarium_view_2g, ebering_ecumenical_altar_webs,
          minmay_misc_feat_chi, moated_statue, st_stairs_6
D:2:      layout_basic
D:3:      layout_basic, minivault_26, minmay_statues_item
D:6:      layout_basic, minmay_temple_entry_tees, gammafunk_ghost_split,
          minmay_misc_feat_iff

Skill      XL: |  1  2  3  4  5 |
---------------+----------------+-----
Axes           | 4 5 6 |  6.6
Fighting       | 4 5 |  5.6
Dodging        | 3 |  3.1
Polearms       | |  0.6
Armour         | |  2.8

Action                   |  1- 3 |  4- 6 || total
-------------------------+-------+-------++-------
Melee: Hand axe          |    72 |     4 ||    76
       Headbutt          |     9 |     2 ||    11
       Halberd           |       |     7 ||     7
       War axe           |       |    11 ||    11
Invok: Berserk           |     1 |     1 ||     2
       Trog's Hand       |       |     1 ||     1
Armor: Animal skin       |    19 |     1 ||    20
       Chain mail        |       |     8 ||     8
Dodge: Dodged            |    32 |    14 ||    46

Table legend: (Time is in decaauts)
 A = Elapsed time spent in this place.
 B = Non-inter-level travel time spent in this place.
 C = Inter-level travel time spent in this place.
 D = Time resting spent in this place.
 E = Time spent auto-exploring this place.
 F = Levels seen in this place.
 G = Mean time per level.
                   A        B        C        D        E       F      G
               +--------+--------+--------+--------+--------+-----+--------+
         Total |   2040 |   1999 |     41 |      0 |   1393 |   4 |  510.0 |
       Dungeon |   2040 |   1999 |     41 |      0 |   1393 |   4 |  510.0 |
               +--------+--------+--------+--------+--------+-----+--------+

Top non-repeatable levels by time:
     D:2: 1084 daAuts
     D:1: 843 daAuts
     D:6: 64 daAuts
     D:3: 48 daAuts
